 Dungeon Crawl Stone Soup version 0.30-a0-755-g0b50240ab4 (console) character file.

Game seed: 2261948717337949063

84 atomjack the Slasher (level 4, 0/34 HPs)
             Began as a Demonspawn Warper on Feb 9, 2023.
             Slain by a gnoll sergeant
             ... wielding a +3 spear of freezing
              (7 damage)
             ... on level 3 of the Dungeon.
             The game lasted 00:09:16 (2862 turns).

atomjack the Slasher (Demonspawn Warper)            Turns: 2862, Time: 00:09:16

Health: 0/34       AC:  3    Str: 11    XL:     4   Next: 23%
Magic:  7/7        EV: 16    Int: 17    God:
Gold:   77         SH:  3    Dex: 12    Spells: 3/7 levels left

rFire   . . .      SeeInvis .    a - +0 falchion
rCold   . . .      Faith    .    s - +0 buckler
rNeg    . . .      Spirit   .    h - +0 leather armour
rPois   .          Reflect  .    (no helmet)
rElec   .          Harm     .    (no cloak)
rCorr   .          Rampage  .    (no gloves)
Will    .....                    (no boots)
Stlth   +                        (no amulet)
HPRegen 0.25/turn                k - +5 ring of evasion
MPRegen 0.10/turn                (no ring)

@: immotile
A: powered by pain 1, demonic magic 1
a: no special abilities


You were on level 3 of the Dungeon.
You visited 1 branch of the dungeon, and saw 3 of its levels.

You collected 77 gold pieces.

Inventory:

Hand Weapons
 a - a +0 falchion (weapon)
 b - a +0 sling
Missiles
 d - 7 boomerangs of dispersal
 l - 6 boomerangs (quivered)
 q - 23 stones
Armour
 h - a +0 leather armour (worn)
 s - a +0 buckler (worn)
Jewellery
 k - a +5 ring of evasion (left hand)
 t - a ring of ice
Scrolls
 c - 2 scrolls of blinking
 e - a scroll of poison {unknown}
 g - a scroll of teleportation {unknown}
 j - a scroll of torment {unknown}
 m - 2 scrolls of fear {unknown}
 n - 2 scrolls of enchant armour {unknown}
 p - 2 scrolls of identify {unknown}
 r - a scroll of amnesia {unknown}
 u - a scroll of enchant weapon {unknown}
Potions
 f - a potion of flight {unknown}
 i - a potion of lignification {unknown}
 o - a potion of curing {unknown}


   Skills:
 + Level 2.7 Fighting
 * Level 3.2 Long Blades
 + Level 0.8 Throwing
 - Level 1.1 Armour
 + Level 2.2 Dodging
 + Level 2.0 Spellcasting
 + Level 2.6 Translocations


You had 3 spell levels left.
You knew the following spells:

 Your Spells              Type           Power      Damage    Failure   Level
a - Blink                 Tloc           20%        N/A       17%         2
b - Momentum Strike       Conj/Tloc      12%        3d8       30%         2

Your spell library contained the following spells:

 Spells                   Type           Power      Damage    Failure   Level
 Lesser Beckoning         Tloc           20%        N/A       17%         2
 Teleport Other           Tloc           10%        N/A       34%         3
 Vhi's Electric Charge    Tloc/Air       12%        N/A       52%         3
 Manifold Assault         Tloc           10%        N/A       75%         4
 Arcjolt                  Conj/Air       0%         1d10      100%        5
 Maxwell's Capacitive Co  Air            0%         ∞         100%        8


Dungeon Overview and Level Annotations

Branches:
Dungeon (3/15)

Altars:


Innate Abilities, Weirdness & Mutations

You sometimes gain a little power by taking damage.
Spells you cast may paralyse adjacent enemies.


Message History

There is a stone staircase leading down here.
You start resting.
HP restored.
You climb downwards.
There is a stone staircase leading up here.
You start waiting.
A gnoll sergeant is nearby!
You throw a boomerang.
The boomerang barely misses the gnoll sergeant.
You throw a boomerang.
The boomerang barely misses the gnoll sergeant.
You throw a boomerang.
The boomerang hits the gnoll sergeant but does no damage.
You throw a boomerang.
The boomerang hits the gnoll sergeant but does no damage.
Press: ? - help, v - describe, . - travel
Here: a gnoll sergeant, wielding a +3 spear of freezing and wearing a +0 scale mail The floor, spattered with blood.
Unknown command.
Casting: Blink (safe; 17% risk of failure)
Confirm with . or Enter, or press ? or * to list all spells.
Aiming: Momentum Strike (dangerous; 30% risk of failure)
Press: ? - help, Dir - move target, f/p - gnoll sergeant
Aim: a gnoll sergeant, wielding a +3 spear of freezing and wearing a +0 scale mail (77% to hit)
The concentrated momentum hits the gnoll sergeant!
The gnoll sergeant is heavily wounded.
You are unable to move.
Malevolent energies surge around you. The gnoll sergeant misses you.
You cannot move.
Unknown command.
Unknown command.
Unknown command.
You throw a boomerang.
The boomerang hits the gnoll sergeant but does no damage.
The gnoll sergeant is heavily wounded.
The gnoll sergeant hits you from afar with a +3 spear of freezing!
The gnoll sergeant freezes you.
The gnoll sergeant hits you from afar with a +3 spear of freezing!
* * * LOW HITPOINT WARNING * * *
You focus on the pain.
You feel your power returning. The gnoll sergeant freezes you!
You die...

#....#......#...
#...####........ ##.)#
#...#.... ########### #...#
##......# #..........# ##.#.#
#.###### #.####...#.# #..#)#
### ♣♣ #........#.# #.##.# ...
~P~~~~...#.####.##.# ♣♣..#
~~P~P~..##.........# ♣♣♣.)..#
~PP~P~..####.......##♣♣....♣.#.
~~PP~...####..@.g..).........'.
~P~P.........#......#♣♣)..♣..#.
~P~~...........###.## ♣♣♣....#.
~~~~~........### #.# ♣♣..#
P~~~~...#.#### #.# ♣)..
P~~~~.....# #.# ♣♣♣ ~~~~~~....#
#.# ~~~~~~....# ... ######....#
#...## ####


You could see a gnoll sergeant.

Vanquished Creatures
  A gnoll (D:3)
  2 adders
  A dart slug (D:3)
  2 orcs (D:3)
  2 ball pythons (D:1)
  2 bats (D:1)
  4 endoplasms
  3 giant cockroaches (D:1)
  5 hobgoblins
  4 quokkas
  2 frilled lizards (D:1)
  6 goblins
  7 kobolds
  7 rats
48 creatures vanquished.

Vanquished Creatures (others)
  6 plants (D:3)
6 creatures vanquished.

Grand Total: 54 creatures vanquished

Notes
Turn   | Place    | Note
-------+----------+-------------------------------------------
     0 | D:1      | atomjack the Demonspawn Warper began the quest for the Orb.
     0 | D:1      | Reached XP level 1. HP: 16/16 MP: 3/3
    69 | D:1      | Reached skill level 2 in Long Blades
   283 | D:1      | Gained mutation: You sometimes gain a little power by
                  | taking damage. [demonic ancestry]
   283 | D:1      | Reached XP level 2. HP: 18/22 MP: 5/5
   287 | D:1      | Learned a level 2 spell: Blink
  1033 | D:2      | Learned a level 2 spell: Momentum Strike
  1100 | D:2      | Reached XP level 3. HP: 16/28 MP: 6/6
  1471 | D:2      | Reached skill level 1 in Armour
  2230 | D:3      | Reached skill level 3 in Long Blades
  2327 | D:3      | Gained mutation: Spells you cast may paralyse adjacent
                  | enemies. [demonic ancestry]
  2327 | D:3      | Reached XP level 4. HP: 30/34 MP: 7/7
  2740 | D:3      | Noticed a gnoll sergeant
  2862 | D:3      | Slain by a gnoll sergeant

Illustrated notes

Levels and vault maps discovered:
D:1:      sevenhm_arrival_forest_fort_large_2, layout_loops_cross, nrook_uturn
D:2:      layout_basic, nicolae_figureground_sparkle
D:3:      layout_rooms, serial_bayou, serial_bayou_crossing,
          serial_bayou_shore_a, serial_bayou_pond_b, serial_bayou_pond_d,
          serial_bayou_shore_b, serial_bayou_shore_b,
          pf_guarded_unrand_woodcutter

Skill      XL: |  1  2  3 |
---------------+----------+-----
Long Blades    | 2 3 |  3.2
Dodging        | 2 |  2.2
Armour         | 1 |  1.1
Fighting       | |  2.7
Throwing       | |  0.8
Spellcasting   | |  2.0
Translocations | |  2.6

Action                     |  1- 3 |  4- 6 || total
---------------------------+-------+-------++-------
  Melee: Falchion          |   180 |    24 ||   204
  Throw: Boomerang         |       |    15 ||    15
   Cast: Blink             |       |     1 ||     1
         Momentum Strike   |       |     1 ||     1
    Use: Scroll            |     1 |       ||     1
         Potion            |     1 |       ||     1
 Armour: Leather armour    |    23 |     3 ||    26
  Dodge: Dodged            |   127 |    21 ||   148
  Block: Buckler           |     2 |     9 ||    11

Table legend: (Time is in decaauts)
 A = Elapsed time spent in this place.
 B = Non-inter-level travel time spent in this place.
 C = Inter-level travel time spent in this place.
 D = Time resting spent in this place.
 E = Time spent auto-exploring this place.
 F = Levels seen in this place.
 G = Mean time per level.
                   A        B        C        D        E       F      G
               +--------+--------+--------+--------+--------+-----+--------+
         Total |   2927 |   2809 |    118 |    347 |   1748 |   3 |  975.7 |
       Dungeon |   2927 |   2809 |    118 |    347 |   1748 |   3 |  975.7 |
               +--------+--------+--------+--------+--------+-----+--------+

Top non-repeatable levels by time:
     D:2: 1185 daAuts
     D:1: 1025 daAuts
     D:3: 716 daAuts
